 Dungeon Sprint DCSS version 0.17-a0-2115-g0d8b93e (webtiles) character file.

128 Ordine the Carver (level 5, -1/41 HPs)
             Began as a Formicid Fighter on Oct 20, 2015.
             Was an Initiate of Cheibriados.
             Slain by a troll (2 damage)
             ... in the Dungeon (Sprint IX: "|||||||||||||||||||||||||||||").
             The game lasted 00:02:36 (127 turns).

Ordine the Carver (Formicid Fighter)                 Turns: 127, Time: 00:02:36

Health: -1/41      AC: 12    Str: 25    XL:     5   Next: 33%
Magic:  5/5        EV:  5    Int: 11    God:    Cheibriados [......]
Gold:   0          SH: 10    Dex: 12    Spells: 0 memorised, 4 levels left

rFire  . . .     SeeInvis +     m - +2 scimitar (holy)
rCold  . . .     Clarity  .     n - +0 plate armour
rNeg   . . .     SustAt   .     c - +0 shield
rPois  .         Gourm    .     (helmet unavailable)
rElec  .         Spirit   .     (no cloak)
rCorr  .         Warding  .     a - +0 pair of gloves
rMut   .         Stasis   +     (no boots)
MR     .....                    (no amulet)
Stlth  ..........               p - +3 ring of intelligence
                                o - +3 ring of strength

@: very slightly contaminated, invisible, very slow, not resistant to hostile
enchantments, extremely unstealthy
A: permanent stasis, dig shafts and tunnels, four strong arms, antennae 3
a: Dig, Bend Time, Renounce Religion


You were in the Dungeon.
You worshipped Cheibriados.
Cheibriados was noncommittal.
You were not hungry.

You visited 1 branch

Inventory:

Hand Weapons
 m - a +2 scimitar of holy wrath (weapon)
Armour
 a - a +0 pair of gloves (worn)
 c - a +0 shield (worn)
 n - a +0 plate armour (worn)
Jewellery
 o - a +3 ring of strength (left hand)
 p - a +3 ring of intelligence (right hand)
Wands
 l - a wand of draining (7)
Scrolls
 j - 3 scrolls of remove curse
 k - 2 scrolls of amnesia
Potions
 f - 5 potions of curing
 g - 2 potions of heal wounds
 i - 4 potions of magic
Comestibles
 e - a bread ration
 h - 13 chunks of flesh


   Skills:
 - Level 3.2 Fighting
 + Level 9.9 Long Blades
 - Level 3.2 Armour
 - Level 3.6 Shields


You had 4 spell levels left.
You didn't know any spells.

Dungeon Overview and Level Annotations

Branches:
Dungeon (1/1)

Altars:
Cheibriados
Dithmenos
Elyvilon
Fedhas
Gozag
Kikubaaqudgha
Makhleb
Nemelex Xobeh
Okawaru
Qazlal
Ru
Sif Muna
Trog
Vehumet
Xom
Yredelemnul
Zin
The Shining One
Beogh
Jiyva
Lugonu


Innate Abilities, Weirdness & Mutations

You are under a permanent stasis effect.
You can dig through walls and to a lower floor.
Your four strong arms can wield two-handed weapons with a shield.
You have a pair of large antennae on your head (SInv).


Message History

You slash the troll!
The troll is moderately wounded.
The orc priest invokes the aid of Beogh against you.
Something smites you!
* * * LOW HITPOINT WARNING * * *
The troll bites you!
* * * LOW HITPOINT WARNING * * *
The troll claws you but does no damage. You block the troll's attack.
Unknown command.
You are too injured to fight recklessly!
You are too injured to fight recklessly!
You barely miss the troll.
The troll is moderately wounded.
The troll bites you.
* * * LOW HITPOINT WARNING * * *
You block the troll's attack. x2
You barely miss the troll.
The troll is moderately wounded.
The troll bites you but does no damage. The troll claws you.
You die... {{{{{ {{{ {{{{{{{{{ ▓▓▓▓▓▓▓▓▓▓▓▓▓▓▓▓▓▓▓▓▓▓▓▓ ..oHHWT@...[)|?.'_______ ▓▓▓▓▓▓▓▓▓▓▓▓▓▓▓▓▓▓▓▓▓▓▓▓

You could see 2 hippogriffs, a troll, a hungry ghost and an orc priest.

Vanquished Creatures
  A centaur (D)
  A worker ant (D)
  2 adders (D)
  A bat skeleton (D)
  A hobgoblin (D)
  A kobold (D)
  A bat (D)
  A giant cockroach (D)
  A giant newt (D)
  A rat (D)
11 creatures vanquished.

Notes
Turn   | Place    | Note
--------------------------------------------------------------
     0 | D        | Ordine the Formicid Fighter began the quest for the Orb.
     0 | D        | Reached XP level 1. HP: 18/18 MP: 1/1
    28 | D        | Noticed a centaur
    31 | D        | Killed a centaur
    31 | D        | Reached skill level 8 in Long Blades
    31 | D        | Reached XP level 2. HP: 24/24 MP: 2/2
    31 | D        | Reached XP level 3. HP: 29/29 MP: 3/3
    31 | D        | Reached XP level 4. HP: 35/35 MP: 4/4
    39 | D        | Reached skill level 9 in Long Blades
    39 | D        | Reached XP level 5. HP: 41/41 MP: 5/5
    51 | D        | Found a glowing silver altar of Zin.
    51 | D        | Found a glowing golden altar of the Shining One.
    51 | D        | Found an ancient bone altar of Kikubaaqudgha.
    51 | D        | Found a basalt altar of Yredelemnul.
    51 | D        | Found a shimmering altar of Xom.
    51 | D        | Found a radiant altar of Vehumet.
    52 | D        | Found an iron altar of Okawaru.
    53 | D        | Found a burning altar of Makhleb.
    54 | D        | Found a deep blue altar of Sif Muna.
    55 | D        | Found a bloodstained altar of Trog.
    56 | D        | Found a sparkling altar of Nemelex Xobeh.
    57 | D        | Found a white marble altar of Elyvilon.
    58 | D        | Found a roughly hewn altar of Beogh.
    59 | D        | Found a viscous altar of Jiyva.
    60 | D        | Found a corrupted altar of Lugonu.
    61 | D        | Found a blossoming altar of Fedhas.
    62 | D        | Found a snail-covered altar of Cheibriados.
    63 | D        | Found a shadowy altar of Dithmenos.
    64 | D        | Found a stormy altar of Qazlal.
    65 | D        | Found an opulent altar of Gozag.
    66 | D        | Found a sacrificial altar of Ru.
    70 | D        | Became a worshipper of Cheibriados the Contemplative
   114 | D        | Noticed an orc priest
   114 | D        | Noticed a hippogriff
   114 | D        | Noticed a hippogriff
   114 | D        | Noticed a hungry ghost
   114 | D        | Noticed a troll
   114 | D        | Noticed a worker ant
   121 | D        | Killed a worker ant
   126 | D        | HP: 1/41 [troll (2)]
   127 | D        | Slain by a troll

Vault maps used:
D:        linesprint

Action                   |  1- 3 |  4- 6 || total
-------------------------+-------+-------++-------
Melee: Long sword        |    10 |     9 ||    19
       Scimitar          |       |    11 ||    11
  Use: Potion            |     1 |     2 ||     3
